Map: Ascension to Aiur LE

Players

FisterRoboto - Winner!

  • Race: Zerg Zerg
  • League: Diamond
  • Spawn Location: 11:00

TenaciousDG

  • Race: Zerg Zerg
  • League: Diamond
  • Spawn Location: 5:00

VOD

Have the link to the VOD?

Description

Time

  • Played on: Aug. 17, 2017, 11:41 p.m.
  • Length: 5:45
Show
View Real Time Build Order
Export as new Build Order

FisterRoboto Zerg - Winner!

Build Orders: Hatch First, Zergling Baneling 

Get SALT Encoding   

  12  0:01  Drone  
  13  0:16  Overlord  
  13  0:20  Drone  
  14  0:35  Drone  
  14  0:36  Drone  
  14  0:41  Drone  
  17  0:54  Hatchery  
  16  0:57  Drone  
  16  1:00  Drone  
  18  1:12  Extractor  
  18  1:15  Spawning Pool  
  18  1:17  Drone  
  17  1:22  Drone  
  18  1:32  Drone  
  19  1:46  Overlord  
  19  1:56  Drone  
  20  2:01  Queen  
  20  2:06  Queen  
  20  2:08  Zergling x4  
  26  2:17  Drone, Metabolic Boost  
  26  2:19  Drone  
  28  2:32  Drone x2  
  30  2:47  Hatchery  
  28  2:52  Drone x4  
  32  2:59  Baneling Nest  
  32  3:00  Overlord  
  32  3:03  Zergling x2  
  32  3:09  Zergling x2  
  32  3:12  Zergling x2  
  33  3:15  Zergling x4  
  35  3:22  Zergling x6  
  35  3:24  Zergling x2  
  35  3:26  Zergling x2  
  40  3:32  Drone  
  41  3:34  Zergling x2  
  42  3:43  Baneling x2  
  42  3:44  Baneling  
  42  3:45  Baneling  
  42  3:47  Zergling x4  
  44  3:52  Overlord x2  
  43  4:17  Zergling x16  
  45  4:25  Zergling x14  
  45  4:29  Baneling x4  
  52  4:37  Zergling x4  
  51  4:43  Zergling x2  
  50  4:51  Zergling x4  
  49  4:53  Baneling  
  49  4:55  Zergling x2  
  49  5:05  Zergling x6  
  48  5:12  Baneling x2  
  48  5:18  Zergling x10  
Show
View Real Time Build Order
Export as new Build Order

TenaciousDG Zerg 

Build Orders: Pool First, Zergling Baneling 

Get SALT Encoding   

  12  0:01  Drone  
  13  0:08  Drone  
  14  0:15  Extractor  
  14  0:16  Drone  
  15  0:22  Overlord  
  15  0:40  Drone x2  
  17  0:45  Extractor  
  17  0:47  Spawning Pool  
  16  0:50  Drone  
  17  0:57  Drone  
  17  1:09  Drone  
  18  1:21  Hatchery  
  18  1:24  Drone  
  18  1:34  Zergling x2  
  18  1:38  Queen  
  21  1:43  Drone  
  22  1:49  Metabolic Boost  
  22  1:58  Overlord  
  22  2:06  Overlord  
  22  2:15  Baneling Nest  
  22  2:20  Queen  
  23  2:23  Drone  
  24  2:40  Drone x3  
  26  2:51  Drone x3  
  26  2:52  Drone  
  30  3:10  Zergling x2  
  30  3:11  Zergling x8  
  35  3:21  Zergling x2  
  36  3:30  Zergling x6  
  36  3:31  Zergling x8  
  43  3:46  Baneling x5  
  43  3:47  Baneling x3  
  43  3:48  Baneling  
  43  3:52  Overlord  
  43  3:53  Hatchery  
  33  4:29  Zergling x2  
  33  4:30  Zergling x20  
  41  4:45  Zergling x2  
  41  4:46  Queen x2, Zergling x4  
  44  5:10  Baneling x4  
  44  5:11  Baneling x2  
  44  5:13  Zergling x2  
  44  5:14  Zergling x8  
Tags
 
Add a new tag
Caveats
  • Supply blocks, unpowered buildings, or Contaminate may cause inaccurate times.
  • Supply counts are checked every 10 seconds.